Ilztune, chaotic male elven Ranger ---------- ----- ------- |.......)-# |...-#####|..^..| |......$.|# |...| #......| |........ a |...| |.{...-# -------- @ |.).| -------##########`###################### # --)--############# -----------|--- # ########## # |............>| # ## # |.............| # #### ### #..............| # # # # ###|.............| # % ####################### # --------------- # # # ---.---- ### ---+- # -+-|------ ###|......| # |...-########|........| #........## |.*.| # #.........| |......| |...| ###|........-###############.......| |..<| #.........| -------- |...| ---------- ----- Ilztune the Lookout Experience level: 5 Strength: 9 Dexterity: 11 Constitution: 16 Intelligence: 13 Wisdom: 14 Charisma: 7 Health: 0(43) Energy: 32(32) Def: 10 Gold: 374 Moves: 4333 Dungeon seed: KK9cZpSto9ZPf8ci Game ID: Ilztune_1522005763 Your Inventory: Coins $ - 374 gold pieces Weapons a - an uncursed +1 elven dagger (alternate weapon; not wielded) b - an uncursed +1 elven bow (weapon in hand) c - 40 uncursed +2 elven arrows (in quiver) d - 34 blessed +0 elven arrows g - 12 uncursed +0 darts l - an uncursed +0 knife D - an uncursed +0 scimitar L - an uncursed +0 orcish dagger Armor e - an uncursed +2 elven cloak (being worn) n - an uncursed +0 scale mail q - an uncursed +0 orcish helm (being worn) N - an uncursed +0 orcish helm T - an uncursed +0 banded mail (being worn) Y - an uncursed +0 dwarvish cloak Comestibles f - 3 uncursed lembas wafers h - an uncursed tripe ration M - an uncursed tin of male newt meat S - an uncursed food ration Scrolls i - a cursed scroll of teleportation m - 3 uncursed scrolls of identify p - an uncursed scroll of light u - an uncursed scroll of enchant weapon Q - a cursed scroll of punishment R - an uncursed scroll of destroy armor Potions w - a blessed potion of healing z - a cursed potion of see invisible O - an uncursed potion of sleeping Rings r - an uncursed ring of slow digestion Wands G - an uncursed wand of teleportation (0:8) Tools j - 4 cursed tallow candles (0:200) k - an uncursed tin opener x - an uncursed mirror y - an uncursed magic whistle B - an uncursed magic marker (0:31) C - an uncursed magic flute (0:7) E - an uncursed blindfold F - an uncursed blindfold U - an uncursed tin whistle Gems V - an uncursed obsidian stone Spells and supernatural/magical abilities: Name Level Category Cost Memory W - pray for help -- divine ? -- Your skills at the end: Fighting Skills wands [Basic] Weapon Skills dagger [Basic] bow [Basic] Spellcasting Skills Final Attributes: You were sleep resistant. You saw invisible. You had automatic searching. You had infravision. You were stealthy. You are dead. Vanquished creatures: a dog a shrieker a giant ant a floating eye 2 kobold lords a kobold shaman a rothe 2 giant bats a wererat a werejackal 2 killer bees 2 acid blobs a coyote a hobbit 5 manes 2 large kobolds a hobgoblin 9 giant rats 2 yellow molds 2 red molds a gnome a gnome zombie 6 jackals a fox 3 goblins 2 sewer rats 8 grid bugs 4 bats 6 lichens 2 kobold zombies 9 newts 82 creatures vanquished. Voluntary challenges: You were an atheist. You used a wielded weapon 59 times, starting on turn 69. You were illiterate. You never genocided any monsters. You never polymorphed an object. You never changed form. You used no wishes. You never split a pudding. You never wrote Elbereth's name. You never violated your personal moral code. Dungeon overview: The Dungeons of Doom: levels 1 to 6 Level 1 some fountains, a vault a long staircase Level 2 a general store, a fountain, a sink Level 3 a hardware shop, a fountain, a sink stairs to The Gnomish Mines Level 4 a fountain, a sink Level 5 many fountains Level 6 <- You were here a fountain a long staircase The Gnomish Mines: Level 4 stairs to The Dungeons of Doom History has recorded: On T:1 you entered the Dungeons of Doom to retrieve the Amulet of Yendor! On T:591 you reached level 2 of The Dungeons of Doom. On T:799 you advanced to experience level 2. On T:1296 you reached level 3 of The Dungeons of Doom. On T:1391 you advanced to experience level 3. On T:2029 you reached level 1 of The Gnomish Mines. On T:2204 you reached level 4 of The Dungeons of Doom. On T:2523 you advanced to experience level 4. On T:2936 you reached level 5 of The Dungeons of Doom. On T:3405 you advanced to experience level 5. On T:3479 you reached level 6 of The Dungeons of Doom. Score breakdown: Gold: 374 ( 8755 points) Experience: 5 levels (11141 points) Exploration: 6 levels ( 11.76%) ( 9486 points) Discoveries: 4 items ( 1.36%) ( 3499 points) Valuables value: (no points given unless you survive) Artifact value: 0 ( 0 points) Variety of kills: 31 monsters ( 8.16%) ( 8568 points) Turncount: 4333 turns (-1143 points) Survival: died (score multiplied by 80%) Total score: 32244 Latest messages: You have a little trouble lifting c - 7 uncursed +2 elven arrows (in quiver). You see here a female killer bee corpse. The killer bee misses. The killer bee stings! The killer bee misses. [2 turns] The elven arrow misses the killer bee. The killer bee stings! The killer bee's sting was poisoned! You feel weaker! The killer bee stings! You shoot 3 elven arrows. The 1st elven arrow misses the killer bee. The 2nd elven arrow misses the killer bee. The 3rd elven arrow misses the killer bee. The killer bee misses. The killer bee stings! The killer bee's sting was poisoned! Elf is about to die. You die... Final status: Goodbye Ilztune the Ranger, killed by a killer bee... You died in The Dungeons of Doom on dungeon level 6 with 32244 points, and 374 pieces of gold, after 4333 moves. You were level 5 with a maximum of 43 hit points when you died.